 Dungeon Crawl Stone Soup version 0.29.1-2-gbd0b4ee654 (webtiles) character file.

Game seed: 2986918952578762101

14 safid the Shooter (level 2, 0/39 HPs)
             Began as a Minotaur Hunter on Nov 3, 2022.
             Succumbed to a kobold's poison
             ... on level 1 of the Dungeon.
             The game lasted 00:01:10 (502 turns).

safid the Shooter (Minotaur Hunter)                  Turns: 502, Time: 00:01:11

Health: 0/39       AC:  3    Str: 15    XL:     2   Next: 27%
Magic:  1/1        EV: 12    Int:  6    God:
Gold:   38         SH:  0    Dex: 13    Spells: 1/1 levels left

rFire   . . .      SeeInvis .   a - +0 shortbow
rCold   . . .      Faith    .   (shield currently unavailable)
rNeg    . . .      Spirit   .   c - +0 leather armour
rPois   .          Reflect  .   (helmet restricted)
rElec   .          Harm     .   (no cloak)
rCorr   .          Rampage  .   (no gloves)
Will    .....                   (no boots)
Stlth   ..........              (no amulet)
HPRegen 0.13/turn               (no ring)
MPRegen 0.07/turn               (no ring)

@: berserking, lethally poisoned (0 -> -26), very quick
A: horns 2, retaliatory headbutt
a: no special abilities


You were on level 1 of the Dungeon.
You visited 1 branch of the dungeon, and saw 1 of its levels.

You collected 38 gold pieces.

Inventory:

Hand Weapons
 a - a +0 shortbow (weapon)
Armour
 c - a +0 leather armour (worn)
Scrolls
 b - 2 scrolls of immolation
 f - a scroll of enchant weapon {unknown}
Potions
 e - a potion of might {unknown}


   Skills:
 + Level 3.1 Fighting
 + Level 4.7 Ranged Weapons
 - Level 2.1 Dodging
 - Level 0.7 Stealth


You had one spell level left.
You didn't know any spells.
Your spell library was empty.

Dungeon Overview and Level Annotations

Branches:
Dungeon (1/15)

Altars:


Innate Abilities, Weirdness & Mutations

You have a pair of horns on your head.
You reflexively headbutt those who attack you in melee.


Message History

The ball python bites you but does no damage.
The ball python grabs you. The ball python constricts you.
The kobold closely misses you.
You shoot an arrow.
The arrow barely misses the ball python.
The ball python barely misses you. The ball python constricts you.
The kobold hits you with a +3 short sword of venom.
You are poisoned.
The ball python bites you but does no damage.
The ball python constricts you.
You escape the ball python's grasp.
You feel very sick.
You shoot an arrow. The arrow barely misses the kobold.
The arrow barely misses the ball python.
You feel sick.
The kobold hits you with a +3 short sword of venom.
You are lethally poisoned!
You are too injured to fight recklessly!
Unknown command.
Unknown command.
It was a potion of berserk rage.
A red film seems to cover your vision as you go berserk!
You feel yourself moving faster!
You feel mighty!
You feel very sick. The kobold closely misses you.
You are too berserk!
You are too berserk!
Unknown command.
You are too berserk!
Really attack while wielding your +0 shortbow?
You clumsily bash the kobold but do no damage.
Your headbutt misses the kobold.
* * * LOW HITPOINT WARNING * * *
You feel very sick.
The kobold hits you with a +3 short sword of venom.
* * * LOW HITPOINT WARNING * * *
You are more poisoned.
You hit the kobold!
You kill the kobold!
You die...

#..##.#######†...#
..... #............#
.###. #########...##
# #( ##.####### #.#
#.)...... g.
######### #.
###########
...###g######
#..........
......S)@...#
#.#########
...###.####.# #.###
# #. #.# #...## # #.
#.# ##...## #
#..###.###.....#####
#...................
##.###.###.....#####
#.# ##...## #.#
##.##


You could see a hobgoblin and a ball python.

Vanquished Creatures
  4 endoplasms (D:1)
  3 hobgoblins (D:1)
  2 kobolds (D:1)
  4 frilled lizards (D:1)
13 creatures vanquished.

Notes
Turn   | Place    | Note
-------+----------+-------------------------------------------
     0 | D:1      | safid the Minotaur Hunter began the quest for the Orb.
     0 | D:1      | Reached XP level 1. HP: 18/18 MP: 0/0
   289 | D:1      | Reached XP level 2. HP: 25/25 MP: 1/1
   502 | D:1      | Succumbed to a kobold's poison

Illustrated notes

Levels and vault maps discovered:
D:1:      minmay_arrival_plants_in_alcoves, layout_loops_ring,
          chequers_arboretum

Skill      XL: |  1  2 |
---------------+-------+-----
Fighting       | 3 |  3.1
Ranged Weapons | |  4.7
Dodging        | |  2.1
Stealth        | |  0.7

Action                   || total
-------------------------++-------
Melee: Shortbow          ||     2
 Fire: Shortbow          ||    30
  Use: Potion            ||     1
Armor: Leather armour    ||     5
Dodge: Dodged            ||    11
